AoeStats
← 17_Neo_

Arabia

507464450Analyzed
1v1 RM · 14d ago on Sep 18, 2026· 22m 58s· 2 players
Game mode
Random Map
Map size
Tiny (2 player)
Population
200
Speed
Normal
Resources
Standard
Victory
Conquest
Starting age
Dark Age
Ending age
Imperial Age
RankedLock teamsTeams togetherTeam positionsShared explorationLock speedFull tech treeHidden civsTurbo modeCheats
Victory
Defeat
🇨🇴 Maya · Colombia
1675
+19
🇧🇷 Bengalis · Brazil
1750
-19
17_Neo_
0:27 Loom
10:04 Feudal Age
11:42 Double-Bit Axe
11:50 Fletching
13:39 Horse Collar
15:17 Padded Archer Armor
19:36 Wheelbarrow
22:44 Castle Age
23:37 Thumb Ring
22:54 Crossbowman
VkA | Nosferatu Zodd
7:50 Loom
10:33 Feudal Age
11:09 Double-Bit Axe
11:20 Horse Collar
21:18 Padded Archer Armor
22:24 Fletching
Connection lost

Rejoining the realm…

Still unreachable

The connection could not be restored.

Session expired

The server has moved on; the page needs a fresh start.